[Event "fics rated crazyhouse match"]
[Site "fics, Oklahoma City, OK USA"]
[Date "2000.02.21"]
[White "Thufir"]
[WhiteElo "2382"]
[Black "DonDanne"]
[BlackElo "2039"]
[TimeControl "60+0"]
[Result "1-0"]

1. e4 e6 2. Nc3 Nc6 3. d4 Bb4 4. e5 d6 5. exd6 cxd6 6. Nf3 
Nf6 7. Bg5 P@e4 8. Bxf6 gxf6 9. N@g7+ Kf8 10. Nh5 exf3 11. P@g7+ Kg8 
12. gxh8=Q+ Kxh8 13. Qxf3 P@g7 14. P@e5 dxe5 15. dxe5 P@d2+ 16. Kd1 Bxc3 17. Qxc3 
B@g4+ 18. B@e2 Bxh5 19. Bxh5 N@a4 20. Qd3 Nxb2+ 21. Kxd2 Nxd3 22. Bxd3 N@c4+ 
23. Ke1 Q@d2+ 24. Kf1 N@e3+ 25. Kg1 Nxg2 26. N@f3 Qg5 27. Nxg5 fxg5 28. P@f6 
gxf6 29. P@g7+ Kxg7 30. exf6+ Qxf6 31. B@d4 Nxd4 32. P@h6+ Qxh6 33. Bxc4 N@h3+ 
34. Kxg2 Nf4+ 35. Kg1 Qxh5 36. N@e8+ Kf8 37. R@h8+ Ke7 38. Q@d6# 
{DonDanne checkmated} 1-0

[Event "fics rated crazyhouse match"]
[Site "fics, Oklahoma City, OK USA"]
[Date "2000.02.21"]
[White "DonDanne"]
[WhiteElo "2037"]
[Black "Thufir"]
[BlackElo "2384"]
[TimeControl "60+0"]
[Result "0-1"]

1. d4 e6 2. Nc3 Nc6 3. Nf3 Nf6 4. a3 Be7 5. Bf4 d6 6. e3 
O-O 7. Bd3 Nd5 8. O-O f5 9. Nxd5 exd5 10. N@g5 Bxg5 11. Nxg5 N@e4 
12. B@e6+ Bxe6 13. Nxe6 Qe7 14. Nxf8 Rxf8 15. Bxe4 dxe4 16. B@g5 B@f6 17. Bxf6 
gxf6 18. N@h6+ Kh8 19. Nxf5 Qf7 20. P@g7+ Qxg7 21. Nxg7 P@g5 22. Ne6 B@h6 
23. Bxg5 fxg5 24. P@g7+ Bxg7 25. Nxg7 P@f3 26. gxf3 exf3 27. Q@g4 N@e2+ 28. Qxe2 
fxe2 29. Ne6 B@h6 30. B@f6+ B@g7 31. Bxg7+ Bxg7 32. Qxg5 exf1=Q+ 33. Rxf1 N@f3+ 
34. Kh1 Nxg5 35. Nxg5 P@g2+ 36. Kxg2 Q@g4+ 37. P@g3 B@f3+ 38. Kg1 Q@h1# 
{DonDanne checkmated} 0-1

[Event "fics rated crazyhouse match"]
[Site "fics, Oklahoma City, OK USA"]
[Date "2000.02.21"]
[White "Thufir"]
[WhiteElo "2386"]
[Black "DonDanne"]
[BlackElo "2035"]
[TimeControl "60+0"]
[Result "1-0"]

1. e4 e6 2. d4 Nc6 3. Nc3 Bb4 4. Nf3 Nf6 5. e5 Ne4 6. Bd3 
Nxc3 7. bxc3 Bxc3+ 8. Bd2 Bxa1 9. Qxa1 N@b4 10. N@h5 Rg8 11. Bxh7 R@f8 
12. B@b3 Rh8 13. Nxg7+ Ke7 14. P@f6# 
{DonDanne checkmated} 1-0

[Event "fics rated crazyhouse match"]
[Site "fics, Oklahoma City, OK USA"]
[Date "2000.02.21"]
[White "DonDanne"]
[WhiteElo "2033"]
[Black "Thufir"]
[BlackElo "2388"]
[TimeControl "60+0"]
[Result "1-0"]

1. d4 e6 2. Nf3 Nc6 3. a3 Nf6 4. Nc3 d5 5. Bf4 Be7 6. e3 
O-O 7. Bd3 Ne4 8. O-O f5 9. Ne5 Nxe5 10. dxe5 Nxc3 11. bxc3 N@e4 
12. Bxe4 fxe4 13. N@h5 N@g6 14. N@h3 Nxf4 15. exf4 B@g6 16. N@g5 Bxh5 17. Qxh5 
B@g6 18. Qd1 Bxg5 19. Nxg5 Rxf4 20. N@h3 Rf8 21. B@h5 Bxh5 22. Qxh5 B@g6 
23. Qh4 N@f5 24. Qg4 P@f3 25. gxf3 N@e2+ 26. Kh1 exf3 27. Nxf3 P@h5 28. Qg2 
Nh4 29. Nxh4 Qxh4 30. P@g3 Qe7 31. B@f3 Nxc3 32. B@h4 Qf7 33. N@g5 Qe8 
34. P@f7+ Bxf7 35. Nxf7 Qxf7 36. B@e7 Qxf3 37. Qxf3 Rxf3 38. Ng5 P@g2+ 39. Kxg2 
N@f4+ 40. Kxf3 B@e4+ 41. Kxf4 Q@f5+ 42. Ke3 N@c4+ 43. Kd4 Nb5+ 44. Kc5 b6+ 
45. Kb4 c5+ 46. Kb3 Nd2+ 47. Ka2 P@b3+ 48. Kb2 
{Thufir forfeits on time} 1-0

[Event "fics rated crazyhouse match"]
[Site "fics, Oklahoma City, OK USA"]
[Date "2000.02.21"]
[White "Thufir"]
[WhiteElo "2374"]
[Black "DonDanne"]
[BlackElo "2047"]
[TimeControl "60+0"]
[Result "1-0"]

1. e4 d6 2. Nc3 Nc6 3. d4 Bd7 4. Nf3 e6 5. Bd3 Nge7 6. e5 
dxe5 7. dxe5 P@g4 8. Ng5 Nxe5 9. P@d4 h6 10. dxe5 hxg5 11. Bxg5 P@h6 
12. Bf4 Ng6 13. Bxg6 fxg6 14. P@d6 cxd6 15. exd6 N@h5 16. N@c7+ Kf7 17. N@e5+ 
Kg8 18. P@f7+ Kh7 19. Nxa8 Nxf4 20. Nxd7 Nxg2+ 21. Kf1 P@f3 22. B@g8+ Rxg8 
23. fxg8=Q+ Kxg8 24. Kg1 Qxd7 25. h3 gxh3 26. Rxh3 Nf4 27. Rg3 N@h3+ 28. Kh2 
P@h4 29. P@f7+ Qxf7 30. Qxf3 B@g1+ 31. Raxg1 Nxg1 32. Rxg1 P@g3+ 33. fxg3 hxg3+ 
34. Rxg3 B@g1+ 35. Rxg1 R@d2+ 36. P@e2 B@g3+ 37. Rxg3 Nxe2 38. Nxe2 Rxe2+ 39. Qxe2 
N@g4+ 40. Rxg4 P@f5 41. P@h7+ Kxh7 42. N@g5+ hxg5 43. R@h8+ Kxh8 44. B@g3 Kg8 
45. R@h3 P@f2 46. P@h7+ Kh8 47. R@g8+ Qxg8 48. hxg8=Q+ Kxg8 49. B@h7+ Kf7 50. Q@g8+ 
Ke8 51. B@d7+ Kxd7 52. N@c5+ Kc6 53. N@d4+ Kxc5 54. b4# 
{DonDanne forfeits on time} 1-0

[Event "fics rated crazyhouse match"]
[Site "fics, Oklahoma City, OK USA"]
[Date "2000.02.21"]
[White "DonDanne"]
[WhiteElo "2045"]
[Black "Thufir"]
[BlackElo "2376"]
[TimeControl "60+0"]
[Result "0-1"]

1. d4 e6 2. Nf3 Nc6 3. Nc3 Nf6 4. Bf4 Bb4 5. e3 O-O 6. a3 
d6 7. axb4 Nxb4 8. Bd3 Nbd5 9. O-O Nxf4 10. exf4 B@b4 11. B@g5 Bxc3 
12. bxc3 P@e7 13. Bxf6 exf6 14. N@h5 B@g4 15. N@g3 N@f5 16. Nxf5 exf5 17. Ng3 
N@h4 18. B@e2 Nxf3+ 19. Bxf3 Bxf3 20. Qxf3 B@g4 21. Qe3 N@d5 22. Qd2 Be6 
23. N@e3 Nxe3 24. Qxe3 N@d5 25. Qd2 Re8 26. N@e3 Nxe3 27. fxe3 N@h4 28. B@e2 
Bxe2 29. Bxe2 B@c6 30. Bf3 Bxf3 31. Rxf3 Nxf3+ 32. gxf3 B@h4 33. B@g2 Bxg3 
34. hxg3 N@c4 35. N@h4 Nxd2 36. B@e1 Nc4 37. B@e2 Nxe3 38. Bf2 Nxc2 39. Rc1 
P@e3 40. Be1 Nxe1 41. Rxe1 P@f2+ 42. Kf1 fxe1=Q+ 43. Kxe1 B@d2+ 44. Kf1 Q@f2# 
{DonDanne checkmated} 0-1

[Event "fics rated crazyhouse match"]
[Site "fics, Oklahoma City, OK USA"]
[Date "2000.02.21"]
[White "Thufir"]
[WhiteElo "2378"]
[Black "DonDanne"]
[BlackElo "2043"]
[TimeControl "60+0"]
[Result "1-0"]

1. e4 e6 2. Nc3 Nc6 3. d4 Bb4 4. Nf3 Nf6 5. e5 Ne4 6. Bd3 
Nxc3 7. bxc3 Bxc3+ 8. Bd2 Bxa1 9. Qxa1 N@b4 10. N@h5 R@g8 11. B@h4 P@e7 
12. Bxb4 Nxb4 13. O-O Nxd3 14. cxd3 B@g4 15. N@g3 Bxf3 16. gxf3 N@h3+ 17. Kg2 
B@g5 18. Kxh3 Bxh4 19. Kxh4 f6 20. Kh3 fxe5 21. dxe5 P@g6 22. Nf4 B@f5+ 
23. Nxf5 gxf5 24. B@h4 d6 25. exd6 cxd6 26. P@f7+ Kxf7 27. N@g5+ Kf8 28. Nfxe6+ 
Bxe6 29. Nxe6+ Ke8 30. P@f7+ Kd7 31. B@e8+ Qxe8 32. fxe8=Q+ Raxe8 33. Q@c7+ Kxe6 
34. N@f4+ Kf7 35. B@e6+ Kf8 36. Bxe7+ Rxe7 37. Qxe7+ Kxe7 38. R@d7+ Ke8 39. P@f7+ 
Kf8 40. fxg8=Q+ Rxg8 41. R@f7+ Ke8 42. Rfe7+ Kf8 43. Rf7+ Ke8 44. Rde7+ Kd8 
45. P@c7# 
{DonDanne checkmated} 1-0

[Event "fics rated crazyhouse match"]
[Site "fics, Oklahoma City, OK USA"]
[Date "2000.02.21"]
[White "DonDanne"]
[WhiteElo "2041"]
[Black "Thufir"]
[BlackElo "2380"]
[TimeControl "60+0"]
[Result "0-1"]

1. d4 e6 2. Nc3 Nf6 3. a3 Nc6 4. Nf3 d6 5. Bf4 Be7 6. e3 
O-O 7. Bd3 Nd5 8. O-O f5 9. Nxd5 exd5 10. N@g5 N@e4 11. Bxe4 dxe4 
12. N@e6 Bxe6 13. Nxe6 Qd7 14. Nxf8 Rxf8 15. Ng5 Bxg5 16. Bxg5 B@g4 17. R@e7 
Nxe7 18. Bxe7 Qxe7 19. B@e2 Bxe2 20. Qxe2 B@g4 21. Qd2 B@h3 22. gxh3 N@f3+ 
23. Kh1 Nxd2 24. Rg1 Bxh3 25. B@g2 Bxg2+ 26. Rxg2 B@f3 27. B@f1 P@h3 28. N@e1 
hxg2+ 29. Bxg2 Q@f1+ 30. B@g1 Bxg2+ 31. Nxg2 Qxa1 32. B@h3 Qxg1+ 33. Kxg1 R@f1# 
{DonDanne checkmated} 0-1

[Event "fics rated crazyhouse match"]
[Site "fics, Oklahoma City, OK USA"]
[Date "2000.02.21"]
[White "Thufir"]
[WhiteElo "2382"]
[Black "DonDanne"]
[BlackElo "2039"]
[TimeControl "60+0"]
[Result "1-0"]

1. e4 e6 2. Nc3 Nc6 3. d4 Bb4 4. Nf3 Nf6 5. e5 Ne4 6. Bd3 
Nxc3 7. bxc3 Bxc3+ 8. Bd2 Bxd4 9. Nxd4 Nxd4 10. Qg4 P@b2 11. Rd1 N@a3 
12. Qxd4 b1=Q 13. Rxb1 Nxb1 14. N@h5 Nxd2 15. Nxg7+ Kf8 16. B@b4+ P@e7 17. Bxd2 
Kxg7 18. N@h5+ Kg8 19. N@h6+ Kf8 20. P@g7+ Ke8 21. gxh8=Q+ R@f8 22. Ng7# 
{DonDanne checkmated} 1-0

[Event "fics rated crazyhouse match"]
[Site "fics, Oklahoma City, OK USA"]
[Date "2000.02.21"]
[White "DonDanne"]
[WhiteElo "2037"]
[Black "Thufir"]
[BlackElo "2384"]
[TimeControl "60+0"]
[Result "0-1"]

1. d4 e6 2. Nf3 Nc6 3. Nc3 Nf6 4. a3 Be7 5. Bf4 O-O 6. e3 
d6 7. Bd3 Nd5 8. Nxd5 exd5 9. O-O N@g6 10. Bxg6 fxg6 11. N@g5 B@g4 
12. h3 Bxf3 13. Nxf3 N@e4 14. B@g5 Nxg5 15. Nxg5 Bxg5 16. Bxg5 Qxg5 17. N@f3 
Rxf3 18. Qxf3 Bf5 19. B@f4 Qe7 20. Qxd5+ B@e6 21. Qf3 B@e4 22. Qe2 Bxc2 
23. P@g4 Bcd3 24. Qd2 Bxg4 25. hxg4 Bxg4 26. Qxd3 P@e4 27. Qd2 P@f3 28. g3 
N@e2+ 29. Kh2 P@g2 30. Rfe1 Bh5 31. R@h4 N@g4+ 32. Kh3 Qxh4+ 33. gxh4 Nxf4+ 
34. exf4 R@h2+ 35. Kg3 Rf8 36. B@e6+ B@f7 37. Bxg4 Bxg4 38. Kxg4 B@f5+ 39. Kg3 
Rh3# 
{DonDanne checkmated} 0-1

[Event "fics rated crazyhouse match"]
[Site "fics, Oklahoma City, OK USA"]
[Date "2000.02.21"]
[White "Thufir"]
[WhiteElo "2386"]
[Black "DonDanne"]
[BlackElo "2035"]
[TimeControl "60+0"]
[Result "1-0"]

1. e4 e6 2. Nc3 Nc6 3. d4 Bb4 4. Nf3 Nf6 5. e5 Ne4 6. Bd3 
Bxc3+ 7. bxc3 Nxc3 8. Bd2 P@b4 9. Bxc3 bxc3 10. N@h5 B@f8 11. B@h4 Ne7 
12. O-O N@b2 13. Rb1 Nxd3 14. cxd3 B@g4 15. N@f6+ gxf6 16. Nxf6# 
{DonDanne checkmated} 1-0

[Event "fics rated crazyhouse match"]
[Site "fics, Oklahoma City, OK USA"]
[Date "2000.02.21"]
[White "DonDanne"]
[WhiteElo "2033"]
[Black "Thufir"]
[BlackElo "2388"]
[TimeControl "60+0"]
[Result "0-1"]

1. d4 e6 2. Nf3 d6 3. Nc3 Nf6 4. a3 Be7 5. Bf4 Nc6 6. e3 
O-O 7. Bd3 Ng4 8. h3 Nf6 9. O-O Bd7 10. Re1 Re8 11. Rc1 d5 
12. Ne5 Nxe5 13. Bxe5 N@e4 14. Nxe4 dxe4 15. Bxf6 Bxf6 16. Bxe4 N@h4 17. P@g3 
Ng6 18. N@e5 Bxe5 19. Bxg6 Bxg3 20. Bxh7+ Kxh7 21. fxg3 B@g6 22. B@h4 P@f6 
23. N@e4 Bxe4 24. P@f3 Bg6 25. N@f4 N@f5 26. Nxg6 fxg6 27. N@f4 Nxh4 28. gxh4 
B@g3 29. Nxg6 B@h2+ 30. Kh1 N@f2# 
{DonDanne checkmated} 0-1

[Event "fics rated crazyhouse match"]
[Site "fics, Oklahoma City, OK USA"]
[Date "2000.02.21"]
[White "Thufir"]
[WhiteElo "2390"]
[Black "DonDanne"]
[BlackElo "2031"]
[TimeControl "60+0"]
[Result "1-0"]

1. e4 e6 2. Nc3 Nc6 3. d4 Bb4 4. Nf3 Nf6 5. e5 Ne4 6. Bd3 
Bxc3+ 7. bxc3 Nxc3 8. O-O Nxd1 9. Rxd1 P@g6 10. B@h4 N@e7 11. Bcg5 d6 
12. exd6 cxd6 13. P@f6 gxf6 14. N@g7+ Kf8 15. Bh6 Kg8 16. Bxf6 Qf8 17. P@g5 
P@d5 18. Bxe7 Nxe7 19. N@f6# 
{DonDanne checkmated} 1-0

[Event "fics rated crazyhouse match"]
[Site "fics, Oklahoma City, OK USA"]
[Date "2000.02.21"]
[White "DonDanne"]
[WhiteElo "2029"]
[Black "Thufir"]
[BlackElo "2392"]
[TimeControl "60+0"]
[Result "0-1"]

1. d4 Nf6 2. Nf3 Nc6 3. Nc3 e6 4. Bf4 Bb4 5. a3 Bxc3+ 6. bxc3 
Nd5 7. e3 Nxc3 8. Qd2 N@e4 9. Qd3 P@g4 10. Nd2 Nxd2 11. Qxd2 N@e4 
12. Qd3 d5 13. B@d2 Nxd2 14. Qxd2 Ne4 15. Qd3 B@c3+ 16. Kd1 Bxa1 17. Ke2 
Nc3+ 18. Kd2 R@d1# 
{DonDanne checkmated} 0-1

[Event "fics rated crazyhouse match"]
[Site "fics, Oklahoma City, OK USA"]
[Date "2000.02.21"]
[White "Thufir"]
[WhiteElo "2394"]
[Black "DonDanne"]
[BlackElo "2027"]
[TimeControl "60+0"]
[Result "1-0"]

1. e4 e6 2. d4 Nc6 3. a3 Bb4+ 4. axb4 a5 5. bxa5 Ra6 6. Bxa6 
bxa6 7. P@e5 B@b5 8. B@d3 Bxd3 9. Qxd3 B@b5 10. B@c4 Nb4 11. Bxb5 Nxd3+ 
12. Bxd3 Ne7 13. N@h5 Rg8 14. B@h4 c6 15. Bxe7 Qxe7 16. N@f6+ gxf6 17. Nxf6+ 
Kf8 18. Bh6+ B@g7 19. Nxg8 Kxg8 20. Bxg7 Kxg7 21. P@f6+ Qxf6 22. exf6+ Kxf6 
23. B@e5+ Ke7 24. Q@f6+ Ke8 25. R@d8# 
{DonDanne checkmated} 1-0

[Event "fics rated crazyhouse match"]
[Site "fics, Oklahoma City, OK USA"]
[Date "2000.02.21"]
[White "DonDanne"]
[WhiteElo "2025"]
[Black "Thufir"]
[BlackElo "2396"]
[TimeControl "60+0"]
[Result "0-1"]

1. d4 e6 2. Nf3 d6 3. Nc3 Nf6 4. Bf4 Be7 5. e3 Nc6 6. Bd3 
O-O 7. O-O Nh5 8. e4 Nxf4 9. Qd2 Nxd3 10. cxd3 e5 11. dxe5 Nxe5 
12. Nxe5 dxe5 13. P@f5 B@g5 14. Qe2 N@d4 15. Qe3 Bxe3 16. fxe3 Nc2 17. N@h5 
Nxe3 18. Rf3 B@d4 19. Kh1 P@g6 20. fxg6 fxg6 21. Rxf8+ Qxf8 22. P@f2 P@f3 
23. gxf3 Q@g2# 
{DonDanne checkmated} 0-1

[Event "fics rated crazyhouse match"]
[Site "fics, Oklahoma City, OK USA"]
[Date "2000.02.21"]
[White "Igy"]
[WhiteElo "2203"]
[Black "LSS"]
[BlackElo "2556"]
[TimeControl "180+0"]
[Result "1-0"]

1. e4 e6 2. Nc3 d5 3. exd5 exd5 4. Bb5+ P@c6 5. Be2 Bd6 6. d4 
Ne7 7. Bg5 f6 8. Be3 O-O 9. P@h6 gxh6 10. Bxh6 Nf5 11. Bxf8 Qxf8 
12. Bg4 Nh4 13. Bxc8 Nxg2+ 14. Kd2 B@h6+ 15. P@e3 Qxc8 16. Qh5 Bxe3+ 17. fxe3 
B@g6 18. Qf3 P@b4 19. Nce2 P@f4 20. Qxg2 fxe3+ 21. Kd1 P@a3 22. bxa3 P@b2 
23. Rb1 bxa3 24. B@h6 Qf5 25. B@d3 P@e4 26. P@g7 Nd7 27. R@h8+ Kf7 28. Rxa8 
exd3 29. g8=Q+ Ke7 30. R@e8+ Bxe8 31. Rxe8# 
{LSS checkmated} 1-0

[Event "fics rated crazyhouse match"]
[Site "fics, Oklahoma City, OK USA"]
[Date "2000.02.21"]
[White "pminear"]
[WhiteElo "2456"]
[Black "MrMnM"]
[BlackElo "2179"]
[TimeControl "60+0"]
[Result "1-0"]

1. e4 d5 2. exd5 e6 3. Bb5+ c6 4. dxc6 bxc6 5. Be2 P@c7 6. Nf3 
Nf6 7. d4 Be7 8. O-O Nbd7 9. Nc3 Nb6 10. P@e5 Nfd5 11. Ne4 Rg8 
12. c4 Nb4 13. a3 Na6 14. c5 Nd5 15. P@d6 cxd6 16. cxd6 P@f5 17. dxe7 
Qxe7 18. Nd6+ Kf8 19. Nxc8 Qd8 20. Bxa6 P@e3 21. B@c5+ Ke8 22. fxe3 Kd7 
23. P@b7 Rb8 24. Bxa7 Qc7 25. P@d6 Qa5 26. Bxb8 Qxa6 27. N@c5+ Kd8 28. Nxa6 
B@b6 29. Nxb6 Nxb6 30. Q@e7# 
{MrMnM checkmated} 1-0

[Event "fics rated crazyhouse match"]
[Site "fics, Oklahoma City, OK USA"]
[Date "2000.02.21"]
[White "MrMnM"]
[WhiteElo "2176"]
[Black "pminear"]
[BlackElo "2459"]
[TimeControl "60+0"]
[Result "1-0"]

1. e4 e5 2. Nc3 Nc6 3. Nf3 Bc5 4. Bc4 Nf6 5. Na4 Bd4 6. d3 
a6 7. Bd5 Nxd5 8. exd5 Nb4 9. Nxd4 exd4 10. Qe2+ B@e7 11. d6 cxd6 
12. N@f5 N@e6 13. Nxe7 Qxe7 14. B@b3 P@e5 15. Bxe6 dxe6 16. Nb6 O-O 17. Nxa8 
Bd7 18. Nc7 B@a5 19. Bd2 Nxc2+ 20. Kf1 Bxc7 21. Rc1 P@e3 22. Rxc2 exf2 
23. Qxf2 P@e3 24. N@h6+ gxh6 25. N@f6+ Kh8 26. P@g7+ Kxg7 27. Nh5+ Kg8 28. R@g7+ 
Kh8 29. B@f6 exf2 30. Bxe7 P@e2+ 31. Kxf2 N@d1+ 32. Rxd1 N@g4+ 33. Kg3 exd1=N 
34. Kh4 
{pminear forfeits on time} 1-0

[Event "fics rated crazyhouse match"]
[Site "fics, Oklahoma City, OK USA"]
[Date "2000.02.21"]
[White "pminear"]
[WhiteElo "2446"]
[Black "MrMnM"]
[BlackElo "2189"]
[TimeControl "60+0"]
[Result "1-0"]

1. e4 d5 2. exd5 e6 3. Bb5+ c6 4. dxc6 Nxc6 5. d4 Bd7 6. Nf3 
Bb4+ 7. c3 Be7 8. O-O P@c7 9. Bxc6 Bxc6 10. N@e5 Nf6 11. Nxc6 bxc6 
12. Ne5 B@d7 13. B@b7 Rb8 14. Bxc6 O-O 15. Bxd7 Nxd7 16. Nc6 Qe8 17. Nxe7+ 
Qxe7 18. B@g3 B@d6 19. P@e5 N@f5 20. exd6 cxd6 21. B@c7 Rbc8 22. Bcxd6 Nxd6 
23. Bxd6 Qxd6 24. B@g3 Qc6 25. N@e7+ Kh8 26. Nxc6 Rxc6 27. P@h6 Rg8 28. hxg7+ 
Rxg7 29. P@h6 Rg6 30. P@g7# 
{MrMnM resigns} 1-0

[Event "fics rated crazyhouse match"]
[Site "fics, Oklahoma City, OK USA"]
[Date "2000.02.21"]
[White "pminear"]
[WhiteElo "2452"]
[Black "MrMnM"]
[BlackElo "2183"]
[TimeControl "60+0"]
[Result "1-0"]

1. e4 d5 2. exd5 e6 3. Bb5+ c6 4. dxc6 Nxc6 5. Be2 Nf6 6. Nf3 
P@c7 7. O-O Bc5 8. Nc3 Nd4 9. Nxd4 Bxd4 10. P@e3 Bxc3 11. dxc3 Bd7 
12. N@e5 N@c6 13. Nxd7 Qxd7 14. Qxd7+ Nxd7 15. B@f3 Nde5 16. B@h4 O-O 17. Bxc6 
Nxc6 18. P@f6 B@e5 19. N@h6+ Kh8 20. Q@g8+ Rxg8 21. Nxf7# 
{MrMnM checkmated} 1-0

[Event "fics rated crazyhouse match"]
[Site "fics, Oklahoma City, OK USA"]
[Date "2000.02.21"]
[White "MrMnM"]
[WhiteElo "2180"]
[Black "pminear"]
[BlackElo "2455"]
[TimeControl "60+0"]
[Result "0-1"]

1. e4 e5 2. Nc3 Nc6 3. Nf3 Bc5 4. Bb5 Nf6 5. Bxc6 dxc6 6. d3 
Ng4 7. Rf1 Nxf2 8. Rxf2 Bxf2+ 9. Kxf2 B@f4 10. Bxf4 exf4 11. B@g5 B@e3+ 
12. Kf1 R@f2+ 13. Ke1 P@d2+ 14. Nxd2 Qxg5 15. N@f3 Qxg2 16. B@f1 Rxf1+ 17. Nxf1 
Qf2# 
{MrMnM checkmated} 0-1

[Event "fics rated crazyhouse match"]
[Site "fics, Oklahoma City, OK USA"]
[Date "2000.02.21"]
[White "pminear"]
[WhiteElo "2458"]
[Black "MrMnM"]
[BlackElo "2177"]
[TimeControl "60+0"]
[Result "1-0"]

1. e4 d5 2. exd5 e6 3. Bb5+ c6 4. dxc6 Nxc6 5. Nf3 P@c7 6. d4 
Nf6 7. Bg5 Be7 8. Ne5 Bd7 9. Nxd7 Qxd7 10. Bxc6 Qxc6 11. B@f3 B@e4 
12. Bxe4 Qxe4+ 13. N@e3 B@f4 14. Bxf4 Qxf4 15. B@e5 Qe4 16. Nc3 Bb4 17. Bxf6 
gxf6 18. B@f3 Bxc3+ 19. bxc3 Qg6 20. Bxb7 O-O 21. N@e7+ Kg7 22. Nxg6 hxg6 
23. P@h6# 
{MrMnM resigns} 1-0

[Event "fics rated crazyhouse match"]
[Site "fics, Oklahoma City, OK USA"]
[Date "2000.02.21"]
[White "MrMnM"]
[WhiteElo "2174"]
[Black "pminear"]
[BlackElo "2461"]
[TimeControl "60+0"]
[Result "0-1"]

1. e4 e5 2. Nc3 Nc6 3. Nd5 Nf6 4. Nxf6+ Qxf6 5. d3 Bc5 6. Nf3 
N@g4 7. Bg5 Bxf2+ 8. Ke2 Qxg5 9. Nxg5 Nd4+ 10. Kd2 Be3+ 11. Kc3 B@d2+ 
12. Kc4 b5+ 13. Kd5 Bxg5 14. Qxg4 N@e3+ 15. Kc5 Nxg4 16. Q@d5 d6+ 17. Qxd6 
cxd6+ 18. Kxd6 Q@e7+ 19. Kd5 Q@c6# 
{MrMnM checkmated} 0-1

[Event "fics rated crazyhouse match"]
[Site "fics, Oklahoma City, OK USA"]
[Date "2000.02.21"]
[White "pminear"]
[WhiteElo "2464"]
[Black "MrMnM"]
[BlackElo "2171"]
[TimeControl "60+0"]
[Result "1-0"]

1. e4 d5 2. exd5 e6 3. Bb5+ c6 4. dxc6 bxc6 5. Be2 Bc5 6. Nf3 
Nf6 7. d4 Bb6 8. Nc3 P@c7 9. P@e5 Nd5 10. Ne4 Ba6 11. Bg5 Qd7 
12. Bxa6 Nxa6 13. B@b7 Ba5+ 14. P@c3 Rb8 15. Bxa6 B@e7 16. Bxe7 Qxe7 17. B@c5 
Qd8 18. Bc4 B@e7 19. N@h5 Rg8 20. Bxd5 cxd5 21. Bxe7 Qxe7 22. N@f6+ gxf6 
23. Nexf6+ Kd8 24. Nxg8 Qe8 25. P@e7+ Kc8 26. R@d8+ Qxd8 27. exd8=Q+ Kxd8 28. B@e7+ 
Kc8 29. Q@e8+ Kb7 30. Qb5+ Ka8 31. Qxa5 B@d2+ 32. Nxd2 R@e2+ 33. Qxe2 B@b6 
34. B@c6+ Rb7 35. Bxb7+ Kb8 36. R@d8+ Kxb7 37. Qaa6# 
{MrMnM forfeits on time} 1-0

[Event "fics rated crazyhouse match"]
[Site "fics, Oklahoma City, OK USA"]
[Date "2000.02.21"]
[White "MrMnM"]
[WhiteElo "2168"]
[Black "pminear"]
[BlackElo "2467"]
[TimeControl "60+0"]
[Result "0-1"]

1. e4 e5 2. Nc3 Nc6 3. Nf3 Bc5 4. d3 Nf6 5. Bg5 h6 6. Bxf6 
Qxf6 7. Nd5 Qd8 8. Nxe5 Nxe5 9. d4 Bxd4 10. Qxd4 N@f3+ 11. gxf3 Nxf3+ 
12. Kd1 Nxd4 13. P@e7 Qxe7 14. Nxe7 B@b4 15. c3 Q@c2+ 16. Ke1 Nf3# 
{MrMnM checkmated} 0-1

[Event "fics rated crazyhouse match"]
[Site "fics, Oklahoma City, OK USA"]
[Date "2000.02.21"]
[White "Oxymaroon"]
[WhiteElo "2265"]
[Black "pminear"]
[BlackElo "2469"]
[TimeControl "300+0"]
[Result "0-1"]

1. e4 e5 2. Bc4 Nc6 3. Nf3 Bc5 4. Bxf7+ Kxf7 5. P@d5 B@f6 6. dxc6 
dxc6 7. N@d3 Bd6 8. Nfxe5+ Bdxe5 9. Qh5+ Kf8 10. Nxe5 Bxe5 11. Qxe5 N@g6 
12. Qg3 Nf6 13. B@g5 P@f4 14. Qa3+ Ke8 15. P@f7+ Kxf7 16. Bxf6 Qxf6 17. B@c3 
P@e5 18. Ba5 b6 19. Bxb6 axb6 20. Qxa8 B@a6 21. Qb8 B@d6 22. R@a7 N@d4 
23. Rxc7+ Bxc7 24. Qxc7+ R@d7 25. B@b3+ Nxb3 26. P@e6+ Kxe6 27. Qxc6+ Ke7 28. Qxf6+ 
gxf6 29. P@d6+ Rxd6 30. Q@g7+ P@f7 31. Qxf6+ Kxf6 32. P@g5+ Ke7 33. N@b5 Bxb5 
34. Nc3 Nxa1 35. P@f6+ Kd7 36. Nxb5 Q@e2+ 37. Kxe2 f3+ 38. gxf3 Nf4+ 39. Kf1 
P@e2+ 40. Kg1 Q@g2# 
{Oxymaroon checkmated} 0-1

[Event "fics rated crazyhouse match"]
[Site "fics, Oklahoma City, OK USA"]
[Date "2001.02.21"]
[White "RFrancisco"]
[WhiteElo "2365"]
[Black "Tecumseh"]
[BlackElo "2312"]
[TimeControl "180+0"]
[Result "1-0"]

1. e4 Nc6 2. d4 Nf6 3. Nc3 d5 4. e5 Ne4 5. Nf3 Bg4 6. Be2 
e6 7. O-O Nxc3 8. bxc3 N@e4 9. Qd3 Be7 10. Rb1 Rb8 11. c4 Nxf2 
12. Rxf2 P@e4 13. Qe3 exf3 14. Bxf3 Bxf3 15. Qxf3 Nxd4 16. Qxf7+ Kd7 17. cxd5 
N@e2+ 18. Kh1 Kc8 19. dxe6 B@c6 20. B@e4 P@d5 21. P@d7+ Bxd7 22. exd7+ Qxd7 
23. e6 Nxe6 24. Bf5 N2d4 25. Bxe6 Nxe6 26. B@f5 Re8 27. Bxe6 Rd8 28. N@c5 
B@c6 29. Nxd7 Bxd7 30. Bxd7+ Rxd7 31. Q@e8# 
{Tecumseh resigns} 1-0

[Event "fics rated crazyhouse match"]
[Site "fics, Oklahoma City, OK USA"]
[Date "2001.02.21"]
[White "Tecumseh"]
[WhiteElo "2305"]
[Black "RFrancisco"]
[BlackElo "2372"]
[TimeControl "180+0"]
[Result "0-1"]

1. e4 Nf6 2. e5 Ne4 3. Nc3 Nxf2 4. Kxf2 d6 5. exd6 exd6 6. Be2 
Be7 7. Nf3 Nc6 8. Rf1 P@h3 9. gxh3 Bxh3 10. P@g2 Bxg2 11. Kxg2 P@g4 
12. Ne1 P@f3+ 13. Bxf3 gxf3+ 14. Qxf3 Ne5 15. P@e6 O-O 16. exf7+ Rxf7 17. Qxf7+ 
Nxf7 18. B@e6 Q@g6+ 19. R@g3 Qxe6 20. Rxf7 B@h3+ 21. Rxh3 Qxf7 22. P@f3 P@g4 
23. Rg3 B@h3+ 24. Kf2 Bh4 25. B@d5 P@e6 26. Be4 Bxg3+ 27. hxg3 R@h2+ 28. P@g2 
Bxg2 29. Nxg2 P@h3 30. B@f1 hxg2 31. Bxg2 gxf3 32. Bxf3 N@h3+ 33. Ke3 Rxg2 
{Tecumseh resigns} 0-1

[Event "fics rated crazyhouse match"]
[Site "fics, Oklahoma City, OK USA"]
[Date "2001.02.21"]
[White "RFrancisco"]
[WhiteElo "2378"]
[Black "Tecumseh"]
[BlackElo "2299"]
[TimeControl "180+0"]
[Result "1-0"]

1. e4 Nc6 2. d4 Nf6 3. Nc3 d5 4. e5 Ne4 5. Nf3 Bg4 6. Be2 
e6 7. O-O Nxc3 8. bxc3 N@e4 9. Qd3 Be7 10. Rb1 Rb8 11. c4 Nxf2 
12. Rxf2 P@e4 13. Qe3 exf3 14. Bxf3 Bxf3 15. Qxf3 B@f5 16. N@h5 Rg8 17. P@f6 
Nxd4 18. Qe3 N@e2+ 19. Rxe2 Nxe2+ 20. Qxe2 gxf6 21. N@g7+ Rxg7 22. Nxg7+ Kd7 
23. Nxf5 P@f2+ 24. Kxf2 N@e4+ 25. Qxe4 dxe4 26. B@a4+ P@c6 27. R@d1+ R@d5 28. cxd5 
Kc8 29. dxc6 Bc5+ 30. B@e3 Q@f4+ 31. N@f3 Bxe3+ 32. Bxe3 Qxf3+ 33. gxf3 N@h3+ 
34. Kg3 B@e1+ 35. P@f2 bxc6 36. B@a6# 
{Tecumseh forfeits on time} 1-0

[Event "fics rated crazyhouse match"]
[Site "fics, Oklahoma City, OK USA"]
[Date "2001.02.21"]
[White "Tecumseh"]
[WhiteElo "2293"]
[Black "RFrancisco"]
[BlackElo "2384"]
[TimeControl "180+0"]
[Result "0-1"]

1. e4 Nf6 2. e5 Ne4 3. Nc3 Nxf2 4. Kxf2 d6 5. exd6 exd6 6. Nf3 
Be7 7. Bc4 O-O 8. d4 P@g4 9. P@h6 Bf6 10. hxg7 Bxg7 11. N@h5 gxf3 
12. Qxf3 Qh4+ 13. P@g3 N@g4+ 14. Ke1 Qxh5 15. P@h3 P@f2+ 16. Kd1 N@e3+ 17. Bxe3 
Nxe3+ 18. Ke2 Qxf3+ 19. gxf3 Nxc4 20. Q@d3 Re8+ 21. Ne4 P@g2 22. Kxf2 gxh1=N+ 
23. Rxh1 B@e3+ 24. Qxe3 Nxe3 25. N@f6+ Kh8 26. P@g2 Nf5 27. B@g5 Rxe4 28. fxe4 
B@g8 29. R@e8 R@f8 30. exf5 Rxe8 31. P@e6 Bxe6 32. fxe6 Rxe6 33. B@e5 N@e4+ 
34. Nxe4 dxe5 35. dxe5 B@b6+ 36. P@e3 R@d2+ 37. N@e2 Rxe2+ 38. Kxe2 Q@a6+ 39. N@d3 
N@f4+ 40. gxf4 Q@f3+ 41. gxf3 Qxd3# 
{Tecumseh resigns} 0-1